 Dungeon Crawl Stone Soup version 0.13-a0-2368-g1f063cc (webtiles) character file.

1897 Bruce the Thaumaturge (level 8, -1/41 HPs)
             Began as a Deep Elf Fire Elementalist on July 13, 2013.
             Was a Believer of Sif Muna.
             Slain by Erolcha
             ... wielding a +0,+0 giant club
              (18 damage)
             ... on Level 8 of the Dungeon.
             The game lasted 00:22:50 (3474 turns).

Bruce the Thaumaturge (Deep Elf Fire Elementalist)  Turns: 3474, Time: 00:22:50

HP  -1/41        AC  7     Str  5      XL: 8   Next: 79%
MP   6/27        EV 15     Int 26      God: Sif Muna [**....]
Gold 136         SH  0     Dex 15      Spells:  7 memorised,  3 levels left

Res.Fire  : . . .   See Invis. : .   t - +3,+4 quarterstaff (chaos)
Res.Cold  : . . .   Warding    : .   E - +2 elf robe {MR+}
Life Prot.: . . .   Conserve   : .   (no shield)
Res.Poison: .       Res.Corr.  : .   m - +0 helmet {Int+3}
Res.Elec. : .       Clarity    : .   b - +0 cloak
Sust.Abil.: . .     Spirit.Shd : .   (no gloves)
Res.Mut.  : .       Stasis     : .   H - +0 pair of boots (curse)
Res.Rott. : .       Flight     : .   (no amulet)
Saprovore : . . .                    (no ring)
                                     (no ring)

@: invisible, very slightly contaminated, quite resistant to hostile
enchantments, fairly stealthy
A: no striking features
a: Channel Energy, Forget Spell, Renounce Religion


You were on level 8 of the Dungeon.
You worshipped Sif Muna.
Sif Muna was most pleased with you.
You were hungry.

You visited 2 branches of the dungeon, and saw 9 of its levels.

You collected 312 gold pieces.
You spent 196 gold pieces at shops.

Inventory:

Hand weapons
 t - a +3,+4 quarterstaff of chaos (weapon)
 z - a +3,+2 elven dagger of venom (quivered)
Armour
 b - a +0 cloak (worn)
 m - a +0 helmet of intelligence (worn)
 p - a +2 robe of positive energy
 E - a +2 elven robe of magic resistance (worn)
 H - a cursed +0 pair of boots (worn)
Magical devices
 u - a wand of lightning (2) {unknown}
 v - a wand of random effects (6)
 y - a wand of invisibility (4)
 D - a wand of frost (11)
 G - a wand of cold (7)
Comestibles
 a - a choko
 c - 3 bread rations
 f - 2 meat rations
 j - 2 rotting chunks of worm flesh
 A - 2 pears
Scrolls
 d - 3 scrolls of enchant armour
 h - 3 scrolls of identify
 k - a scroll of magic mapping {unknown}
 l - a scroll of enchant weapon I {unknown}
 n - a scroll of fear {unknown}
 q - 7 scrolls of remove curse {unknown}
 r - 2 scrolls of fog
 s - 2 scrolls of teleportation {unknown}
 C - a scroll of recharging {unknown}
 I - a scroll of amnesia {unknown}
 J - a scroll of blinking {unknown}
 L - a scroll of silence {unknown}
Jewellery
 i - an uncursed ring of ice
Potions
 g - 6 potions of curing
 B - a potion of resistance
 K - a potion of speed
Books
 e - the Guide on Talismans and Translocation
   (You found it on level 6 of the Dungeon)

   Spells                             Type                      Level
   Song of Slaying                    Charms                       2
   Shroud of Golubria                 Charms/Translocation         2
   Warp Weapon                        Charms/Translocation         5
   Deflect Missiles                   Charms/Air                   6
 w - a book of the Earth

   Spells                             Type                      Level
   Dig                                Earth                        4
   Leda's Liquefaction                Hexes/Earth                  4
   *Bolt of Magma                     Conjuration/Fire/Earth       5
   Statue Form                        Transmutation/Earth          6
   Iron Shot                          Conjuration/Earth            6
   Shatter                            Earth                        9


   Skills:
 - Level 5.0 Dodging
 - Level 2.4 Stealth
 * Level 9.8 Spellcasting
 + Level 5.8 Conjurations
 + Level 6.4 Fire Magic
 * Level 2.1 Invocations


You had 3 spell levels left.
You knew the following spells:

 Your Spells              Type           Power        Failure   Level  Hunger
a - Flame Tongue          Conj/Fire      #####        1%          1    None
b - Throw Flame           Conj/Fire      #####.       1%          2    None
c - Conjure Flame         Conj/Fire      #####...     1%          3    None
d - Sticky Flame          Conj/Fire      #####...     4%          4    None
e - Fireball              Conj/Fire      #####.....   12%         5    ###....
f - Inner Flame           Hex/Fire       ####....     4%          3    None
g - Bolt of Magma         Conj/Fire/Erth ####......   24%         5    ###....


Dungeon Overview and Level Annotations

Branches:
Dungeon (8/27)             Temple (1/1) D:5
    Orc: D:6-11        Lair: D:8-13

Altars:
Cheibriados
Elyvilon
Fedhas
Kikubaaqudgha
Makhleb
Nemelex Xobeh
Okawaru
Sif Muna
Trog
Vehumet
Xom
Yredelemnul
Zin
the Shining One

Shops:
D:4: * D:5: [ D:7: (

Annotations
D:8 Erolcha


Message History

Unknown command.
You barely miss Erolcha.
Erolcha is severely wounded.
You feel sick.
Erolcha burns!
Erolcha hits you with a giant club!
* * * LOW HITPOINT WARNING * * *
Unknown command.
Drink which item? (? for menu, Esc to quit)
You feel better.
Erolcha burns!
You hear some strange, mumbled words.
Something tries to affect you, but you resist.
Unknown command.
Unknown command.
Unknown command.
Evoke which item? (* to show all) (? for menu, Esc to quit)
Zapping:
y - a wand of invisibility (5)
Press: ? - help, Shift-Dir - straight line, f - you You fade into invisibility!
You are very lightly contaminated with residual magic.
This wand has 4 charges left.
It hits you!
You die...

.#.##..# .#.##..#
.#.##..# .#.##..#
.#.....# # .#.##..######
.#
.#..........######ยง#####
........#.#....%........#
........._......@..####
#########.########## ###


There were no monsters in sight!

Vanquished Creatures
  An ice beast (D:6)
  6 ogres
  3 sky beasts (D:5)
  Duvessa (D:5)
  A giant frog (D:6)
  A water moccasin (D:5)
  A manticore skeleton (D:4)
  3 hounds
  Dowan (D:5)
  2 crimson imps
  A giant frog zombie (D:7)
  Crazy Yiuf (D:2)
  An orc priest (D:4)
  3 worker ants
  An iguana (D:7)
  Jessica (D:2)
  A mummy (D:6)
  Terence (D:2)
  4 gnolls (D:4)
  8 adders
  2 giant mites
  7 worms
  A giant eyeball (D:5)
  4 giant geckos
  10 orcs
  2 ball pythons (D:2)
  20 bats
  A bat zombie (D:5)
  4 giant cockroaches
  10 goblins
  9 hobgoblins
  8 kobolds
  A giant gecko skeleton (D:4)
  A giant newt (D:5)
  4 quokkas
  9 rats
  A rat skeleton (D:5)
136 creatures vanquished.

Notes
Turn   | Place    | Note
--------------------------------------------------------------
     0 | D:1      | Bruce, the Deep Elf Fire Elementalist, began the quest for the Orb.
     0 | D:1      | Reached XP level 1. HP: 10/10 MP: 4/4
   153 | D:1      | Reached XP level 2. HP: 4/15 MP: 0/7
   464 | D:2      | Reached XP level 3. HP: 19/19 MP: 2/10
   527 | D:2      | Learned a level 2 spell: Throw Flame
   531 | D:2      | Learned a level 3 spell: Conjure Flame
   583 | D:2      | Noticed Jessica
   608 | D:2      | Killed Jessica
   608 | D:2      | Reached XP level 4. HP: 22/24 MP: 1/13
   631 | D:2      | Found a snail-covered altar of Cheibriados.
   637 | D:2      | Found a white marble altar of Elyvilon.
   767 | D:2      | Found an iron altar of Okawaru.
   798 | D:2      | Reached skill level 4 in Spellcasting
   805 | D:2      | Noticed Terence
   942 | D:2      | Killed Terence
  1013 | D:2      | Noticed Crazy Yiuf
  1022 | D:2      | Killed Crazy Yiuf
  1022 | D:2      | Reached XP level 5. HP: 28/28 MP: 6/17
  1028 | D:2      | Learned a level 4 spell: Sticky Flame
  1190 | D:4      | Noticed an ogre
  1199 | D:4      | Killed an ogre
  1296 | D:4      | Noticed an ogre
  1309 | D:4      | Killed an ogre
  1309 | D:4      | Reached skill level 5 in Spellcasting
  1309 | D:4      | Reached XP level 6. HP: 6/32 MP: 6/20
  1343 | D:3      | Reached skill level 5 in Dodging
  1807 | D:4      | Learned a level 3 spell: Inner Flame
  2089 | D:4      | Found Qoich's General Store.
  2110 | D:4      | Bought a scroll of identify for 28 gold pieces
  2110 | D:4      | Bought a wand of invisibility (6) for 140 gold pieces
  2110 | D:4      | Bought a potion of curing for 28 gold pieces
  2126 | D:4      | Reached skill level 6 in Spellcasting
  2126 | D:4      | Reached XP level 7. HP: 23/36 MP: 7/22
  2219 | D:5      | Entered Level 5 of the Dungeon
  2220 | D:5      | Noticed Duvessa
  2221 | D:5      | Noticed Dowan
  2228 | D:5      | Killed Duvessa
  2240 | D:5      | Killed Dowan
  2316 | D:5      | Found Ocso's Armour Emporium.
  2334 | D:5      | Found a staircase to the Ecumenical Temple.
  2353 | Temple   | Entered the Ecumenical Temple
  2391 | Temple   | Became a worshipper of Sif Muna the Loreminder
  2437 | D:5      | Reached skill level 7 in Spellcasting
  2437 | D:5      | Reached skill level 5 in Fire Magic
  2542 | D:5      | Found a snail-covered altar of Cheibriados.
  2577 | D:5      | Paralysed by a giant eyeball for 4 turns
  2625 | D:5      | Found a radiant altar of Vehumet.
  2673 | D:5      | Found a sparkling altar of Nemelex Xobeh.
  2696 | D:5      | Found a glowing silver altar of Zin.
  2705 | D:5      | Acquired Sif Muna's first power
  2705 | D:5      | Reached skill level 8 in Spellcasting
  2705 | D:5      | Reached XP level 8. HP: 17/41 MP: 11/26
  2726 | D:5      | Reached skill level 5 in Conjurations
  2780 | D:5      | Learned a level 5 spell: Fireball
  2786 | D:5      | Learned a level 5 spell: Bolt of Magma
  3006 | D:6      | Reached skill level 9 in Spellcasting
  3017 | D:6      | Identified the Guide on Talismans and Translocation
  3161 | D:7      | Found Thiceexe's Antique Weapon Emporium.
  3288 | D:8      | Acquired Sif Muna's second power
  3288 | D:8      | Reached skill level 1 in Invocations
  3292 | D:8      | Found a glowing silver altar of Zin.
  3444 | D:8      | Found a blossoming altar of Fedhas.
  3459 | D:8      | Noticed Erolcha
  3474 | D:8      | Slain by Erolcha

Action                   |  1- 3 |  4- 6 |  7- 9 || total
-------------------------+-------+-------+-------++-------
Melee: Short sword       |    16 |       |       ||    16
       Unarmed           |     2 |       |       ||     2
       Dagger            |    10 |    21 |     1 ||    32
       Quarterstaff      |       |    21 |    12 ||    33
 Cast: Flame Tongue      |    47 |   113 |    89 ||   249
       Conjure Flame     |     1 |     7 |     7 ||    15
       Throw Flame       |       |     9 |     6 ||    15
       Sticky Flame      |       |     2 |    15 ||    17
       Inner Flame       |       |     2 |     1 ||     3
       Fireball          |       |       |     4 ||     4
Invok: Channel Energy    |       |       |     5 ||     5
Evoke: Wand              |       |     1 |     3 ||     4
  Use: Scroll            |       |     4 |     6 ||    10
       Potion            |       |     2 |     1 ||     3
